 Dungeon Crawl Stone Soup version 0.29.0-13-gc9e81de378 (webtiles) character file.

Game seed: 15009492518782479159

70 daveb22 the Shooter (level 4, -2/34 HPs)
             Began as a Human Hunter on Sept 11, 2022.
             Slain by Sigmund
             ... wielding a +0 scythe
              (4 damage)
             ... on level 3 of the Dungeon.
             The game lasted 00:25:22 (2540 turns).

daveb22 the Shooter (Human Hunter)                  Turns: 2540, Time: 00:25:22

Health: -2/34      AC:  3    Str: 14    XL:     4   Next: 44%
Magic:  4/4        EV: 12    Int:  9    God:
Gold:   51         SH:  0    Dex: 16    Spells: 3/3 levels left

rFire   . . .      SeeInvis .   e - +0 mace
rCold   . . .      Faith    .   (no shield)
rNeg    . . .      Spirit   .   c - +0 leather armour
rPois   .          Reflect  .   (no helmet)
rElec   .          Harm     .   (no cloak)
rCorr   .          Rampage  .   (no gloves)
Will    .....                   (no boots)
Stlth   +.........              (no amulet)
HPRegen 0.11/turn               (no ring)
MPRegen 0.09/turn               (no ring)

@: confused
A: no striking features
a: no special abilities


You were on level 3 of the Dungeon.
You visited 1 branch of the dungeon, and saw 3 of its levels.

You collected 51 gold pieces.

Inventory:

Hand Weapons
 a - a +0 shortbow
 e - a +0 mace (weapon)
 h - a +0 whip
 m - a +0 dagger
 n - a +0 sling
 u - a +0 flail
Missiles
 r - 4 silver javelins
Armour
 c - a +0 leather armour (worn)
 t - a +0 ring mail
 w - a +0 chain mail
Wands
 v - a wand of roots (4)
Scrolls
 b - 2 scrolls of immolation
 j - a scroll of torment {unknown}
 q - 3 scrolls of identify
 s - a scroll of butterflies {unknown}
Potions
 d - 2 potions of attraction
 f - a potion of brilliance {unknown}
 g - 2 potions of cancellation {unknown}
 i - a potion of invisibility {unknown}
 k - 2 potions of might {unknown}
 l - 2 potions of flight {unknown}
 o - a potion of degeneration {unknown}
 p - 3 potions of heal wounds {unknown}


   Skills:
 + Level 2.3 Fighting
 + Level 1.2 Maces & Flails
 + Level 4.7 Ranged Weapons
 + Level 1.4 Armour
 + Level 2.1 Dodging
 + Level 1.1 Stealth


You had 3 spell levels left.
You didn't know any spells.
Your spell library contained the following spells:

 Spells                   Type           Power      Damage    Failure   Level
 Foxfire                  Conj/Fire      0%         2x1d4     45%         1
 Summon Small Mammal      Summ           0%         N/A       45%         1
 Call Canine Familiar     Summ           0%         N/A       83%         3
 Conjure Flame            Conj/Fire      0%         6-21      83%         3
 Gell's Gravitas          Tloc           0%         N/A       83%         3
 Inner Flame              Hex/Fire       0%         N/A       83%         3
 Summon Guardian Golem    Hex/Summ       0%         N/A       83%         3
 Teleport Other           Tloc           0%         N/A       83%         3
 Flame Wave               Conj/Fire      0%         2d4       99%         4
 Dispersal                Tloc           0%         N/A       100%        6


Dungeon Overview and Level Annotations

Branches:
Dungeon (3/15)

Altars:

Shops:
D:2 :((!*

Annotations:
D:3 Sigmund


Message History

There is an open door here.
There is an open door here.
Unknown command.
Unknown command.
There is an open door here.
Unknown command.
Unknown command.
You close the door.
There is a stone staircase leading down here.
There is a stone staircase leading down here.
You open the door.
There is an open door here.
There is an open door here.
Sigmund shouts!
Sigmund gestures wildly while chanting.
Sigmund flickers and vanishes!
Deactivating autopickup; reactivate with Ctrl-A.
You miss something.
You hear some strange, mumbled words.
A puff of flame appears from out of thin air!
The puff of flame hits you! Something hits you.
You hit something but do no damage. Something hits you! Something hits you.
* * * LOW HITPOINT WARNING * * *
Something hits you.
* * * LOW HITPOINT WARNING * * *
Something hits you but does no damage.
There is an open door here.
You close the door.
Something unseen breaks down the door.
There is an open door here.
You close the door.
Something unseen opens the door.
You start resting.
You hear some strange, mumbled words.
You are confused.
Something hits you!
* * * LOW HITPOINT WARNING * * *
Something hits you.
You die...

#....#......##.# #....
#.†....####.##.#########..÷.
#......# #.##.........'....
#......####.############....
#..............# #.......
#..............# #.......
#..............# #.......
#..............# #.......
###........@...# #.......
#########'#### ######## #.#
#.# #.# #.# #######'######
#............#
###............#


There were no monsters in sight!

Vanquished Creatures
  Jessica (D:2)
  2 adders (D:3)
  A bat (D:2)
  5 endoplasms
  2 giant cockroaches (D:1)
  4 jackals (D:2)
  4 quokkas (D:3)
  3 frilled lizards
  A kobold (D:1)
  A rat (D:1)
24 creatures vanquished.

Notes
Turn   | Place    | Note
-------+----------+-------------------------------------------
     0 | D:1      | daveb22 the Human Hunter began the quest for the Orb.
     0 | D:1      | Reached XP level 1. HP: 16/16 MP: 1/1
    20 | D:1      | Found a faded altar of an unknown god.
   549 | D:1      | Reached XP level 2. HP: 20/22 MP: 2/2
   870 | D:2      | Found Yvotz's Book Shop.
   870 | D:2      | Found Vucaghox's Weapon Boutique.
   875 | D:2      | Found Saeky's Antique Weapon Boutique.
  1037 | D:2      | Noticed Jessica
  1053 | D:2      | Killed Jessica
  1054 | D:2      | Reached skill level 1 in Maces & Flails
  1054 | D:2      | Reached skill level 1 in Armour
  1054 | D:2      | Reached XP level 3. HP: 23/27 MP: 3/3
  1140 | D:2      | Found Jokhemn's General Store.
  1226 | D:2      | Found Plog's Distillery.
  1918 | D:3      | Reached XP level 4. HP: 34/34 MP: 4/4
  2438 | D:3      | Noticed Sigmund
  2539 | D:3      | HP: 1/34 [something (10)]
  2540 | D:3      | Slain by Sigmund

Illustrated notes

Levels and vault maps discovered:
D:1:      minmay_arrival_glassed_features, layout_loops_ring,
          ebering_ecumenical_altar_abandoned
D:2:      layout_basic, serial_shops, nicolae_shop_waterfront,
          nicolae_shop_waterfront, nicolae_lakefront_shop, nicolae_shop_crystal,
          nicolae_shop_waterfront, uniq_jessica
D:3:      layout_basic, nicolae_ru_great_annihilating_truth,
          serial_park_tiny_pond, uniq_sigmund

Skill      XL: |  1  2 |
---------------+-------+-----
Maces & Flails | 1 |  1.2
Armour         | 1 |  1.4
Fighting       | |  2.3
Ranged Weapons | |  4.7
Dodging        | |  2.1
Stealth        | |  1.1

Action                   |  1- 3 |  4- 6 || total
-------------------------+-------+-------++-------
Melee: Shortbow          |     3 |       ||     3
       Mace              |    29 |    16 ||    45
 Fire: Shortbow          |    24 |     7 ||    31
  Use: Scroll            |     2 |       ||     2
Armor: Leather armour    |    11 |     6 ||    17
Dodge: Dodged            |    22 |     8 ||    30
